 Dungeon Crawl Stone Soup version 0.21-a0-380-gd65dc97 (webtiles) character file.

25 tof the Chopper (level 2, -1/27 HPs)
             Began as a Minotaur Monk on Oct 17, 2017.
             Slain by a gnoll
             ... wielding a +0 spear
              (8 damage)
             ... on level 2 of the Dungeon.
             The game lasted 00:01:32 (848 turns).

tof the Chopper (Minotaur Monk)                      Turns: 848, Time: 00:01:33

Health: -1/27      AC:  2    Str: 15    XL:     2   Next: 82%
Magic:  1/1        EV: 13    Int:  7    God:
Gold:   90         SH:  0    Dex: 12    Spells: 1/1 levels left

rFire    . . .     SeeInvis .   a - +0 hand axe
rCold    . . .     Gourm    .   (no shield)
rNeg     . . .     Faith    .   b - +0 robe
rPois    .         Spirit   .   (helmet restricted)
rElec    .         Reflect  .   (no cloak)
rCorr    .         Harm     .   (no gloves)
MR       .....                  (no boots)
Stlth    ++........             (no amulet)
HPRegen  0.09/turn              (no ring)
MPRegen  0.07/turn              (no ring)

@: no status effects
A: retaliatory headbutt, horns 2
a: no special abilities


You were on level 2 of the Dungeon.
You were not hungry.

You visited 1 branch of the dungeon, and saw 2 of its levels.

You collected 90 gold pieces.

Inventory:

Hand Weapons
 a - a +0 hand axe (weapon)
Armour
 b - a +0 robe (worn)
Jewellery
 j - an uncursed amulet of guardian spirit {unknown}
Scrolls
 d - 2 scrolls of noise {unknown}
 e - 2 scrolls of remove curse {unknown}
 h - a scroll of fog {unknown}
 l - a scroll of blinking {unknown}
 n - a scroll of enchant weapon {unknown}
Potions
 g - a potion of agility {unknown}
 i - a potion of lignification {unknown}
 m - a potion of mutation {unknown}
Comestibles
 c - a bread ration
 k - a meat ration


   Skills:
 + Level 3.8 Fighting
 * Level 4.1 Axes
 * Level 1.5 Armour
 + Level 3.6 Dodging
 - Level 1.5 Stealth


You had one spell level left.
You didn't know any spells.

Dungeon Overview and Level Annotations

Branches:
Dungeon (2/15)

Altars:


Innate Abilities, Weirdness & Mutations

You reflexively headbutt those who attack you in melee.
You have a pair of horns on your head.


Message History

(D) Dungeon
Where to? (? - help) All of the chunks of flesh in your inventory have rotted away.
There is a stone staircase leading down here.
You climb downwards.
There is a stone staircase leading up here.
Sorry, you're not good enough to have a special ability. 2 gnolls come into view.
A gnoll comes into view. It is wielding a spear.
The gnoll shouts! x2
A gnoll comes into view. It is wielding a flail.
The gnoll shouts!
The gnoll hits you with a spear.
The gnoll hits you from afar with a spear.
You barely miss the gnoll. The gnoll completely misses you.
The gnoll hits you from afar with a spear.
You closely miss the gnoll. The gnoll hits you with a spear.
* * * LOW HITPOINT WARNING * * *
The gnoll hits you from afar with a spear!
You die...

...########
..........# ..
.........# ...
#.......#
#.##.......#####
................
#........#
#.....#.#.....
.###...#.#@#.####
.......<<.g..#
##......##g###
.........gg..
#.....#.##.###
#.#.....#... #
#.#####<.w #. ...
#


You could see a worm (wandering) and 4 gnolls.

Vanquished Creatures
  3 dart slugs (D:1)
  A ball python (D:1)
  4 bats (D:1)
  A goblin (D:1)
  3 hobgoblins (D:1)
  2 jackals (D:1)
  A frilled lizard (D:1)
  2 rats (D:1)
17 creatures vanquished.

Notes
Turn   | Place    | Note
-------+----------+-------------------------------------------
     0 | D:1      | tof the Minotaur Monk began the quest for the Orb.
     0 | D:1      | Reached XP level 1. HP: 19/19 MP: 0/0
   197 | D:1      | Reached skill level 1 in Armour
   197 | D:1      | Reached XP level 2. HP: 21/27 MP: 1/1
   467 | D:1      | Reached skill level 4 in Axes
   848 | D:2      | Slain by a gnoll

Vault maps used:
D:1:      ncdulo_watergridlock
D:2:      nicolae_overflow_hidden_temple, first_bread

Skill      XL: |  1  2 |
---------------+-------+-----
Armour         | 1 |  1.5
Axes           | 4 |  4.1
Fighting       | |  3.8
Dodging        | |  3.6
Stealth        | |  1.5

Action                   || total
-------------------------++-------
Melee: Hand axe          ||    34
       Headbutt          ||     9
 Stab: Sleeping          ||     2
Armor: Robe              ||     3
Dodge: Dodged            ||    26

Table legend:
 A = Spawn XP
 B = Non-spawn XP
 C = Spawn XP percentage of total XP
 D = Spawn monster count
 E = Non-spawn monster count
 F = Spawn count percentage of total count
 G = Total turns spent on level
                    A         B        C        D         E        F      G
               +---------+---------+-------+---------+---------+-------+---------
         Total |       0 |      36 |   0.0 |       0 |      17 |   0.0 |   848
               +---------+---------+-------+---------+---------+-------+---------
           D:1 |       0 |      36 |   0.0 |       0 |      17 |   0.0 |   839
               +---------+---------+-------+---------+---------+-------+---------
